 Dungeon Crawl Stone Soup version 0.21.1-1-g345015f (webtiles) character file.

16 tidbits the Charmwright (level 2, 24/26 HPs)
             Began as a Gnoll Skald on June 20, 2018.
             Quit the game on level 3 of the Dungeon.
             The game lasted 00:01:56 (218 turns).

tidbits the Charmwright (Gnoll Skald)                Turns: 218, Time: 00:01:57

Health: 24/26      AC:  5    Str: 13    XL:     2   Next: 58%
Magic:  4/7        EV: 14    Int: 15    God:
Gold:   33         SH:  0    Dex: 14    Spells: 9/10 levels left

rFire    . . .     SeeInvis .   a - +0 hand axe
rCold    . . .     Gourm    .   (no shield)
rNeg     . . .     Faith    .   b - +0 leather armour
rPois    .         Spirit   .   E - +0 helmet
rElec    .         Reflect  .   (no cloak)
rCorr    .         Harm     .   F - +0 pair of gloves
MR       .....     Rnd*Tele +   (no boots)
Stlth    +.........             (no amulet)
HPRegen  0.08/turn              g - ring of teleportation (curse)
MPRegen  0.10/turn              (no ring)

@: infused
A: distributed training, fangs 1, strong nose
a: no special abilities


You were on level 3 of the Dungeon.
You were not hungry.

You visited 1 branch of the dungeon, and saw 4 of its levels.

You collected 33 gold pieces.

Inventory:

Hand Weapons
 a - a +0 hand axe (weapon)
Missiles
 i - 15 arrows
Armour
 b - a +0 leather armour (worn)
 E - a +0 helmet (worn)
 F - a +0 pair of gloves (worn)
Jewellery
 g - a cursed ring of teleportation (left hand)
   (You found it on level 2 of the Dungeon)
Scrolls
 h - a scroll of enchant armour {unknown}
Potions
 e - a potion of heal wounds {unknown}
 f - a potion of brilliance {unknown}
Books
 c - a book of Battle

   Spells                             Type                      Level
   a - Infusion                       Charms                       1
   b - Shroud of Golubria             Charms/Translocation         2
   c - Song of Slaying                Charms                       2
   d - Spectral Weapon                Hexes/Charms                 3
   e - Regeneration                   Charms/Necromancy            3
Comestibles
 d - 2 rations


   Skills:
 + Level 4.5 Fighting
 + Level 0.4 Short Blades
 + Level 0.4 Long Blades
 + Level 4.5 Axes
 + Level 0.4 Maces & Flails
 + Level 0.4 Polearms
 + Level 0.4 Staves
 + Level 0.4 Slings
 + Level 0.4 Bows
 + Level 0.4 Crossbows
 + Level 0.4 Throwing
 + Level 2.5 Armour
 + Level 4.5 Dodging
 + Level 0.4 Stealth
 + Level 0.4 Shields
 + Level 0.4 Unarmed Combat
 + Level 4.9 Spellcasting
 + Level 0.2 Conjurations
 + Level 0.2 Hexes
 + Level 5.3 Charms
 + Level 0.2 Summonings
 + Level 0.2 Necromancy
 + Level 0.2 Translocations
 + Level 0.2 Transmutations
 + Level 0.2 Fire Magic
 + Level 0.2 Ice Magic
 + Level 0.2 Air Magic
 + Level 0.2 Earth Magic
 + Level 0.2 Poison Magic
 + Level 0.5 Invocations
 + Level 0.4 Evocations


You had 9 spell levels left.
You knew the following spells:

 Your Spells              Type           Power        Failure   Level  Hunger
i - Infusion              Chrm           ###.         2%          1    None


Dungeon Overview and Level Annotations

Branches:
Dungeon (4/15)
 Temple: D:4-7

Altars:


Innate Abilities, Weirdness & Mutations

Your experience applies equally to all skills.
You have very sharp teeth.
Your uncanny sense of smell can sniff out nearby items.


Message History

You climb downwards.
A rat comes into view.
Your magical infusion is running out.
Found a scroll labeled GAXYER RUR.
There is a stone staircase leading up here.
You slash the rat!
You kill the rat!
You see here a scroll labeled GAXYER RUR.
h - a scroll labeled GAXYER RUR You are no longer magically infusing your attacks.
There is a stone staircase leading up here.
You climb upwards.
There is a stone staircase leading down here.
Unknown command.
There is a stone staircase leading down here.
You climb downwards.
Found 15 arrows.
There is a stone staircase leading up here.
Unknown command.
Found a leather armour.
Found a stone staircase leading down.
You see here 15 arrows.
You see here 15 arrows.
i - 15 arrows
Found two ring mails.
There is a stone staircase leading down here.
You climb downwards.
Found a ration.
Found a stone staircase leading up.
There is a stone staircase leading up here.
You see here a ration.
d - 2 rations (gained 1)
There is a stone staircase leading up here.
You climb upwards.
You are suddenly yanked towards a nearby monster!
Your surroundings suddenly seem different.
Found a pair of gloves and 14 gold pieces.
A hobgoblin comes into view. It is wielding a club.
Casting: Infusion
Confirm with . or Enter, or press ? or * to list all spells.
You begin infusing your attacks with magical energy.
The hobgoblin closely misses you.
Unknown command.
You barely miss the hobgoblin. The hobgoblin closely misses you.
You hit the hobgoblin.
The hobgoblin is moderately wounded.
The hobgoblin hits you but does no damage.
You hit the hobgoblin.
The hobgoblin is heavily wounded.
The hobgoblin hits you but does no damage.
You hit the hobgoblin.
The hobgoblin is almost dead.
The hobgoblin closely misses you.
You barely miss the hobgoblin.
The hobgoblin is almost dead.
The hobgoblin hits you but does no damage.
You hit the hobgoblin!
You kill the hobgoblin!
Things that are here:
a club; 7 gold pieces You now have 19 gold pieces (gained 7).
You see here a pair of gloves.
j - a pair of gloves Wear which item? (? for menu, Esc to quit)
You start putting on your armour.
You continue putting on your pair of gloves. x4
You finish putting on your +0 pair of gloves.
Adjust (i)tems, (s)pells, or (a)bilities?
Adjust which item? (? for menu, Esc to quit)
j - a +0 pair of gloves (worn)
Adjust to which letter? (? for menu, Esc to quit)
F - a +0 pair of gloves (worn)
A kobold comes into view.
You see here 14 gold pieces.
You now have 33 gold pieces (gained 14).
The kobold shouts!
You open the door.
There is an open door here.
Your magical infusion is running out.
You are no longer magically infusing your attacks.
A rat comes into view.
The rat misses you.
Found 7 gold pieces.
Casting: Infusion
Confirm with . or Enter, or press ? or * to list all spells.
You begin infusing your attacks with magical energy.
The rat bites you but does no damage.
You barely miss the rat. The rat bites you.
You hit the rat.
You kill the rat!
The kobold closely misses you.
You closely miss the kobold. You bite the kobold.
The kobold is moderately wounded.
The kobold closely misses you.
Found a robe.
A dart slug comes into view.
Unknown command.
You closely miss the kobold.
The kobold is moderately wounded.
Are you sure you want to abandon this character and quit the game? (Confirm with "yes".)

..........†......[...........>#
..#######..##########.######..#
#.## #....#########.#.......#
#..# #......[....[..#.#####.#
##.### #$......######## #.#
..K..# #............# #.#
.....# #....#.....[.# #.#
.....# ###+##..K....# #.#
###'##### #...@...# .#
........# #.......# ........#
##.......#
K.......##.##.......#
....................+
........##..........#
........##..####.####
......).##.. w.. ........#


You could see a dart slug and a kobold.

Vanquished Creatures
  An ooze (D:1)
  2 giant cockroaches (D:1)
  A hobgoblin (D:3)
  2 bats (D:1)
  A frilled lizard (D:2)
  7 rats
14 creatures vanquished.

Notes
Turn   | Place    | Note
-------+----------+-------------------------------------------
     0 | D:1      | tidbits the Gnoll Skald began the quest for the Orb.
     0 | D:1      | Reached XP level 1. HP: 20/20 MP: 6/6
    44 | D:1      | Reached XP level 2. HP: 26/26 MP: 0/7
   218 | D:3      | Quit the game

Action                   || total
-------------------------++-------
Melee: Hand axe          ||    37
       Bite              ||     3
 Cast: Infusion          ||     6
Armor: Leather armour    ||     8
Dodge: Dodged            ||    29

Table legend:
 A = Turns spent in this place as a percentage of turns spent in the entire game.
 B = Non-inter-level travel turns spent in this place as a percentage of non-inter-level travel turns spent in the entire game.
 C = Inter-level travel turns spent in this place as a percentage of turns spent in this place.
 D = Turns resting spent in this place as a percentage of non-inter-level travel turns spent in this place.
 E = Turns spent auto-exploring this place as a percentage of non-inter-level travel turns spent in this place.
 F = Non-inter-level travel turns spent in this place divided by the number of levels of this place that you've seen.
                   A       B       C       D       E      F
               +-------+-------+-------+-------+-------+----------------------
         Total | 100.0 | 100.0 |   0.0 |   0.0 |   0.0 |  54.5
       Dungeon | 100.0 | 100.0 |   0.0 |   0.0 |   0.0 |  54.5
               +-------+-------+-------+-------+-------+----------------------

Table legend:
 A = Kills in this place as a percentage of kills in entire the game.
 B = Kills by you in this place as a percentage of kills by you in the entire game.
 C = Kills by friends in this place as a percentage of kills by friends in the entire game.
 D = Other kills in this place as a percentage of other kills in the entire game.
 E = Experience gained in this place as a percentage of experience gained in the entire game.
 F = Experience gained in this place divided by the number of levels of this place that you have seen.
                   A       B       C       D       E      F
               +-------+-------+-------+-------+-------+----------------------
         Total | 100.0 | 100.0 |   N/A |   N/A | 100.0 |   6.0
       Dungeon | 100.0 | 100.0 |   N/A |   N/A | 100.0 |   6.0
               +-------+-------+-------+-------+-------+----------------------

Vault maps used:
D:1:      dpeg_arrival_ratfight
D:2:      grunt_temple_overflow_open, nicolae_ru_sacrificial_ziggurat
D:3:      overflow_temple_1_default
D:4:      kennysheep_little_box, temple_statues, first_ration, uniq_pikel
